AoeStats
← Hoyall

Lombardia

509942833Analyzed
4v4 RM · 2d ago on Sep 28, 2026· 20m 23s· 8 players
Game mode
Random Map
Map size
Large (8 player)
Population
200
Speed
Normal
Resources
Standard
Victory
Conquest
Starting age
Dark Age
Ending age
Imperial Age
RankedLock teamsTeams togetherTeam positionsShared explorationLock speedFull tech treeHidden civsTurbo modeCheats
Victory
Defeat
🇭🇰 Romans · Hong Kong SAR China
1743
+15
🇰🇷 Aztecs · South Korea
1666
+18
🇹🇼 Goths · Taiwan
1659
+19
🇨🇳 Tatars · China
1556
+23
🇩🇪 Bengalis · Germany
1745
-20
🇧🇷 Portuguese · Brazil
1728
-19
🇩🇪 Mapuche · Germany
1707
-18
🇩🇪 Hindustanis · Germany
1696
-18
수상
10:42 Feudal Age
12:15 Double-Bit Axe
14:47 Castle Age
12:44 Horse Collar
17:46 Bow Saw
柠檬头的喜悦
6:13 Loom
8:57 Feudal Age
9:30 Double-Bit Axe
12:13 Horse Collar
17:02 Bloodlines
17:23 Forging
20:17 Castle Age
18:25 Scale Barding Armor
18:43 Gold Mining
18:57 Fletching
21:18 Wheelbarrow
20:58 Husbandry
[TNT] TW_RED
0:31 Loom
8:47 Feudal Age
12:24 Forging
11:51 Man-at-Arms
12:48 Scale Mail Armor
12:50 Double-Bit Axe
12:45 Horse Collar
20:36 Wheelbarrow
Hui
5:06 Loom
9:00 Feudal Age
9:46 Double-Bit Axe
10:58 Horse Collar
18:59 Castle Age
20:04 Bow Saw
Hansdampf
10:44 Feudal Age
14:30 Castle Age
12:37 Horse Collar
13:03 Double-Bit Axe
15:03 Loom
15:30 Bow Saw
Peter_Pahn
8:57 Loom
12:12 Feudal Age
13:17 Double-Bit Axe
16:15 Castle Age
14:36 Horse Collar
15:38 Fletching
18:21 Bow Saw
OIDA | Tasty
5:55 Loom
8:46 Feudal Age
10:03 Double-Bit Axe
10:44 Horse Collar
15:34 Wheelbarrow
21:02 Castle Age
Hoyall
7:07 Loom
10:31 Feudal Age
15:48 Castle Age
13:59 Double-Bit Axe
13:54 Horse Collar
14:35 Fletching
15:28 Padded Archer Armor
Connection lost

Rejoining the realm…

Still unreachable

The connection could not be restored.

Session expired

The server has moved on; the page needs a fresh start.